 Dungeon Crawl Stone Soup version 0.29.1-14-g9c671dbff4 (webtiles) character file.

Game seed: 1829641037021612518

555 javelincjr the Magician (level 7, -1/48 HPs)
             Began as a Djinni Conjurer on Feb 12, 2023.
             Was an Initiate of Hepliaklqana.
             Slain by a phantom (5 damage)
             ... on level 5 of the Dungeon.
             The game lasted 00:15:22 (5940 turns).

javelincjr the Magician (Djinni Conjurer)           Turns: 5940, Time: 00:15:22

Health: -1/48      AC:  3    Str:  8      XL:     7   Next: 56%
Gold:   239        EV: 12    Int: 20      God:    Hepliaklqana [......] SH:  0 Dex: 10 (11)

rFire   + + .      SeeInvis .   y - +1 dagger (venom)
rCold   x . .      Faith    .   (no shield)
rNeg    . . .      Spirit   .   a - +0 robe
rPois   ∞          Reflect  .   t - +0 helmet
rElec   .          Harm     .   (no cloak)
rCorr   .          Rampage  .   (no gloves)
Will    .....                   (boots unavailable)
Stlth   ++........              (no amulet)
HPRegen 0.16/turn               (no ring)
MPRegen 0.00/turn               (no ring)

@: flying
A: sickness immunity, fire resistance 2, cold vulnerability 1, float, innate
caster, HP casting, extra vitality 1
a: Renounce Religion


You were on level 5 of the Dungeon.
You worshipped Hepliaklqana.
Hepliaklqana was noncommittal.
You visited 2 branches of the dungeon, and saw 6 of its levels.

You collected 239 gold pieces.

Inventory:

Hand Weapons
 j - a +2 dagger of holy wrath
 u - a +0 arbalest
 y - a +1 dagger of venom (weapon)
Missiles
 d - 5 silver javelins
 o - 6 boomerangs
 r - a silver boomerang
Armour
 a - a +0 robe (worn)
 t - a +0 helmet (worn)
Scrolls
 m - a scroll of enchant armour
 n - a scroll of blinking
 p - a scroll of fear {unknown}
 s - 2 scrolls of enchant weapon {unknown}
 v - a scroll of teleportation
Potions
 b - 2 potions of ambrosia {unknown}
 c - a potion of heal wounds {unknown}
 f - 2 potions of flight {unknown}
 g - 4 potions of haste
 i - a potion of magic {unknown}
 k - 3 potions of invisibility {unknown}
 l - a potion of might {unknown}
 q - a potion of mutation {unknown}
 w - a potion of curing {unknown}
 x - 3 potions of lignification {unknown}


   Skills:
 + Level 1.7 Fighting
 + Level 1.5 Short Blades
 + Level 1.8 Ranged Weapons
 + Level 2.9 Dodging
 + Level 2.8 Stealth
 + Level 5.3 Spellcasting


You couldn't memorise any spells.
You knew the following spells:

 Your Spells              Type           Power      Damage    Failure   Level
a - Magic Dart            Conj           100%       1d8       1%          1
b - Searing Ray           Conj           52%        2d6       1%          2
c - Dazzling Flash        Conj/Hex       52%        N/A       3%          3
d - Fulminant Prism       Conj/Hex       13%        3d9       12%         4
e - Iskenderun's Mystic   Conj/Tloc      26%        2d7       12%         4
f - Apportation           Tloc           52%        N/A       1%          1
g - Blink                 Tloc           52%        N/A       1%          2
h - Ignite Poison         Fire/Tmut/Pois 26%        N/A       3%          3
Your spell library was empty.

Dungeon Overview and Level Annotations

Branches:
Dungeon (5/15)             Temple (1/1) D:4

Altars:
Ashenzari
Cheibriados
Dithmenos
Elyvilon
Fedhas
Gozag
Hepliaklqana
Makhleb
Nemelex Xobeh
Okawaru
Qazlal
Ru
Trog
Uskayaw
Wu Jian
Xom
Yredelemnul
The Shining One

Shops:
D:4 [


Innate Abilities, Weirdness & Mutations

You are immune to sickness and miasma.
You are immune to poison.
Your flesh is very heat resistant. (rF++)
You are vulnerable to cold. (rC-)
You float through the air rather than walking.
You learn spells naturally, not from books.
Your magical power is your life essence.
You have superior vitality. (+4 MHP)


Message History

Confirm with . or Enter, or press ? or * to list all spells.
The spell is quite dangerous to miscast (12% risk of failure)!
Continue anyway?
You erupt in a blast of force!
The mystic blast hits the phantom.
The phantom is heavily damaged.
The phantom is knocked back by the mystic blast.
Casting: Iskenderun's Mystic Blast (quite dangerous; 12% risk of failure)
Confirm with . or Enter, or press ? or * to list all spells.
Aiming: Searing Ray (safe; 1% risk of failure)
Press: ? - help, Shift-Dir - straight line, f/p - phantom
Aim: a phantom (heavily damaged, 71% to hit)
The searing ray hits the phantom.
The phantom is severely damaged. (Press . to maintain the ray.)
The searing ray misses the phantom.
The searing ray misses the phantom.
The searing ray hits the phantom.
The phantom is almost destroyed.
You finish channelling your searing ray.
The phantom hits you.
The phantom blinks!
You blink.
The phantom hits you.
You hit the phantom.
The phantom is almost destroyed.
The phantom hits you but does no damage.
You hit the phantom.
The phantom is almost destroyed.
The phantom hits you.
* * * LOW HITPOINT WARNING * * *
You hit the phantom.
The phantom is almost destroyed.
The phantom hits you.
* * * LOW HITPOINT WARNING * * *
You closely miss the phantom.
The phantom is almost destroyed.
The phantom hits you.
* * * LOW HITPOINT WARNING * * *
The phantom blinks!
You blink.
You barely miss the phantom.
The phantom is almost destroyed.
The phantom hits you.
You die...

#############
#.##.....# #.
#.######.# #. #.#
#.# #. ##.## #.#
#. #...# #.# #...#
#.#
####...#####.##
#W........##).#
#@........###)#
#.........# #)#
.####.:..#### #)#
......§...# #)#
...###..).######.#
# #..##.))....#
#..##.#######
#..##.# ......#


You could see a phantom.

Vanquished Creatures
  A water moccasin (D:5)
  An ice beast (D:5)
  A scorpion (D:5)
  A howler monkey (D:5)
  An orc priest (D:3)
  A gnoll bouda (D:5)
  A scorpion zombie (D:3)
  4 adders
  4 gnolls (D:5)
  2 adder zombies (D:3)
  An adder skeleton (D:3)
  A dart slug (D:3)
  15 orcs
  6 ball pythons
  4 bats
  4 endoplasms
  4 goblins
  13 hobgoblins
  5 kobolds
  5 quokkas
  5 frilled lizards
  A giant cockroach zombie (D:3)
  A quokka skeleton (D:3)
  6 rats
88 creatures vanquished.

Vanquished Creatures (others)
  9 fulminant prisms
  2 withered plants (D:3)
11 creatures vanquished.

Grand Total: 99 creatures vanquished

Notes
Turn   | Place    | Note
-------+----------+-------------------------------------------
     0 | D:1      | javelincjr the Djinni Conjurer began the quest for the Orb.
     0 | D:1      | javelincjr set off with the following spells memorised:
                  | Magic Dart, Searing Ray, Dazzling Flash, Fulminant Prism,
                  | Iskenderun's Mystic Blast.
     0 | D:1      | Reached XP level 1. HP: 15/15 MP: 0/0
   198 | D:1      | Reached XP level 2. HP: 20/21 MP: 0/0
   913 | D:1      | Reached XP level 3. HP: 22/25 MP: 0/0
   913 | D:1      | Learned a level 1 spell: Apportation
  1627 | D:2      | Reached skill level 4 in Spellcasting
  2070 | D:3      | Found a faded altar of an unknown god.
  2089 | D:2      | Reached XP level 4. HP: 5/31 MP: 0/0
  2726 | D:3      | Reached XP level 5. HP: 32/35 MP: 0/0
  2726 | D:3      | Learned a level 2 spell: Blink
  4063 | D:4      | Reached skill level 5 in Spellcasting
  4107 | D:4      | Found Soushrul's Armour Shoppe.
  4701 | D:4      | Found a blossoming altar of Fedhas.
  4702 | D:4      | Found a shadowy altar of Dithmenos.
  4702 | D:4      | Found a shimmering altar of Xom.
  4705 | D:4      | Found a snail-covered altar of Cheibriados.
  4767 | D:4      | Found a staircase to the Ecumenical Temple.
  4786 | Temple   | Entered the Ecumenical Temple
  4793 | Temple   | Became a worshipper of Hepliaklqana the Forgotten
  5153 | D:4      | Reached XP level 6. HP: 38/41 MP: 0/0
  5360 | D:5      | Entered Level 5 of the Dungeon
  5478 | D:5      | Noticed an ice beast
  5489 | D:5      | Killed an ice beast
  5490 | D:5      | Reached skill level 1 in Fighting
  5490 | D:5      | Reached skill level 1 in Short Blades
  5490 | D:5      | Reached skill level 1 in Ranged Weapons
  5490 | D:5      | Reached XP level 7. HP: 35/47 MP: 0/0
  5490 | D:5      | Learned a level 3 spell: Ignite Poison
  5509 | D:5      | Noticed a water moccasin
  5516 | D:5      | Killed a water moccasin
  5940 | D:5      | Slain by a phantom

Illustrated notes

Levels and vault maps discovered:
D:1:      psy_arrival_radial02, layout_loops_corners
D:2:      minmay_spotlight, layout_rooms
D:3:      layout_basic, nicolae_ecumenical_pavilion, serial_undead,
          serial_undead_a, serial_undead_f, serial_undead_e, serial_undead_f,
          serial_undead_a, serial_undead_c, serial_undead_a, serial_undead_e,
          minmay_misc_feat_hallway, chequers_jeans, kennysheep_generic_room_4
D:4:      layout_layer_cave, minitemple, minmay_temple_entry_antechambers,
          serial_shops, nicolae_shop_advertising_works
          [nicolae_subvault_shop_adworks], minmay_misc_feat_five,
          minmay_ruptured
D:5:      layout_loops_ring
Temple:   nicolae_temple_superstar

Skill      XL: |  1  2  3  4  5  6 |
---------------+-------------------+-----
Spellcasting   | 4 5 |  5.3
Stealth        | 2 |  2.8
Fighting       | 1 |  1.7
Short Blades   | 1 |  1.5
Ranged Weapons | 1 |  1.8
Dodging        | |  2.9

Action                   |  1- 3 |  4- 6 |  7- 9 || total
-------------------------+-------+-------+-------++-------
Melee: Dagger            |    13 |    21 |     5 ||    39
 Fire: Arbalest          |       |    16 |       ||    16
 Cast: Magic Dart        |    70 |    32 |    12 ||   114
       Searing Ray       |       |    10 |     6 ||    16
       Fulminant Prism   |       |     6 |     3 ||     9
       Apportation       |       |     1 |       ||     1
       Iskenderun's Myst |       |       |     1 ||     1
  Use: Scroll            |       |     5 |       ||     5
       Potion            |       |     1 |       ||     1
Armor: Robe              |     1 |     6 |     1 ||     8
Dodge: Dodged            |     8 |    25 |       ||    33
